 Dungeon Crawl Stone Soup version bcrawl-1.21.2-28-g2cb1824106 (webtiles) character file.

Game seed: 10464486238650003593

67 MisterOstroum the Ducker (level 4, 0/43 HPs)
             Began as a Fairy Archaeologist on Mar 11, 2020.
             Slain by a centaur (5 damage)
             ... on level 3 of the Dungeon.
             The game lasted 00:05:45 (2878 turns).

MisterOstroum the Ducker (Fairy Archaeologist)      Turns: 2878, Time: 00:05:46

Health: 0/43       AC:  8    Str: 14    XL:     4   Next: 18%
Magic:  15/15      EV: 17    Int: 19    God:
Gold:   128        SH:  4    Dex: 10    Spells: 3/3 levels left

rFire    . . .     SeeInvis .   a - +0 short sword
rCold    . . .     Gourm    .   (shield restricted)
rNeg     . . .     Faith    .   (armour unavailable)
rPois    .         Spirit   .   s - +1 hat
rElec    .         Reflect  .   (no cloak)
rCorr    .         Harm     .   (no gloves)
MR       .....                  c - +2 pair of boots
Stlth    ..........             q - amulet of magic regeneration
HPRegen  0.14/turn              n - ring of magical power
MPRegen  0.39/turn              (no ring)

@: berserking (expiring), flying evasively, very quick
A: small, magic attunement, unstealthy, unfitting armour, able to fly, AC/SH +4
a: Stop Flying


You were on level 3 of the Dungeon.
You were not hungry.

You visited 1 branch of the dungeon, and saw 3 of its levels.

You collected 128 gold pieces.

Inventory:

Hand Weapons
 a - a +0 short sword (weapon)
 b - a +0 hunting sling
 h - a +0 whip
 p - a +0 dagger
Missiles
 i - 351 arrows
 j - 725 stones (quivered)
 w - 253 sling bullets
Armour
 c - a +2 pair of boots (worn)
 s - a +1 hat (worn)
 u - a +0 ring mail
Jewellery
 l - an uncursed ring of teleportation
 n - a ring of magical power (left hand)
 q - an amulet of magic regeneration (around neck)
Scrolls
 d - 2 scrolls of magic mapping {@r5 !r}
 g - 2 scrolls of remove curse {@r2}
 k - a scroll of identify {@r1}
 o - 2 scrolls of teleportation {unknown}
 t - a scroll of enchant armour
Potions
 m - 2 potions of curing
 v - a potion of agility {@q5 !q}
 z - a potion of lignification {unknown}
Miscellaneous
 f - a dusty tome
Comestibles
 e - 7 rations {!d}
 x - 4 chunks of flesh


   Skills:
 * Level 2.0 Fighting
 * Level 2.0 Short Blades
 - Level 0.7 Maces & Flails
 + Level 4.1 Dodging
 + Level 3.0 Stealth


You had 3 spell levels left.
You didn't know any spells.
Your spell library was empty.

Dungeon Overview and Level Annotations

Branches:
Dungeon (3/12)

Altars:
Makhleb
Vehumet
Xom
Yredelemnul
The Shining One


Innate Abilities, Weirdness & Mutations

Your spells do not cause hunger and MP costs are reduced by 1.
Your bright wings attract enemies. (Stealth-)
You cannot fit into any form of body armour.
Your shimmering scales are hard and can block incoming attacks. (AC +4, SH +4)
You are small and have problems with some larger weapons.
You can fly continuously.


Message History

You butcher the quokka corpse.
x - 4 chunks of flesh (gained 2)
You butcher the hobgoblin corpse.
x - 5 chunks of flesh (gained 1)
Things that are here:
a +0 club; a quokka skeleton; a hobgoblin skeleton
Things that are here:
a +0 club; a quokka skeleton; a hobgoblin skeleton A kobold comes into view.
A kobold is nearby!
A kobold is nearby!
b - a +0 hunting sling (weapon)
The kobold shouts!
Firing (i - inventory. (/) - cycle)
j - 727 stones (quivered)
Press: ? - help, Shift-Dir - straight line, f - kobold
Aim: a kobold You shoot a stone.
The stone barely misses the kobold.
Firing (i - inventory. (/) - cycle)
j - 726 stones (quivered)
Press: ? - help, Shift-Dir - straight line, f/p - kobold
Aim: a kobold You shoot a stone.
The stone hits the kobold.
You kill the kobold!
No target in view!
No target in view!
Unknown command.
Eating one of 5 chunks of flesh.
You eat one of the 5 chunks of flesh.
This raw flesh tastes terrible.
Found a dagger.
You see here a dagger.
Found a stone staircase leading down.
A centaur comes into view.
The centaur wields a +0 shortbow.
The centaur shoots an arrow.
You block the arrow.
A centaur is nearby!
Unknown command.
Unknown command.
Evoke which item? (* to show all) (? for menu, Esc to quit)
Okay, then.
Unknown command.
Wield which item (- for none, * to show all)? (? for menu, Esc to quit)
a - a +0 short sword (weapon)
You start waiting.
The centaur is too close now for your liking.
You completely miss the centaur.
The centaur unwields a +0 shortbow.
The centaur barely misses you.
You hit the centaur but do no damage. The centaur misses you.
The centaur hits you.
You hit the centaur but do no damage. The centaur completely misses you.
You hit the centaur but do no damage. You block the centaur's attack.
The centaur closely misses you.
You closely miss the centaur. The centaur hits you.
You hit the centaur.
The centaur is lightly wounded.
You block the centaur's attack.
The centaur hits you but does no damage.
You hit the centaur but do no damage.
The centaur is lightly wounded.
The centaur hits you.
You hit the centaur.
The centaur is lightly wounded.
The centaur barely misses you. The centaur closely misses you.
You barely miss the centaur.
The centaur is lightly wounded.
The centaur misses you.
You hit the centaur but do no damage.
The centaur is lightly wounded.
The centaur hits you but does no damage.
The centaur closely misses you.
You hit the centaur but do no damage.
The centaur is lightly wounded.
The centaur misses you.
You hit the centaur.
The centaur is moderately wounded.
The centaur misses you. You block the centaur's attack.
You closely miss the centaur.
The centaur is moderately wounded.
The centaur hits you.
You hit the centaur but do no damage.
The centaur is moderately wounded.
The centaur closely misses you. The centaur misses you.
You barely miss the centaur.
The centaur is moderately wounded.
The centaur hits you.
A red film seems to cover your vision as you go berserk!
You feel yourself moving faster!
You feel mighty! The centaur hits you.
* * * LOW HITPOINT WARNING * * *
The centaur completely misses you.
You barely miss the centaur.
The centaur is lightly wounded.
The centaur hits you.
* * * LOW HITPOINT WARNING * * *
You hit the centaur.
The centaur is moderately wounded.
You hit the centaur.
The centaur is heavily wounded.
The centaur completely misses you.
You puncture the centaur!
The centaur is severely wounded.
The centaur hits you.
You die...

#.# ###.# #...#
#### #.### ....
#.# #### ## #.#
... #.# ..c. #.#
.... #@# ##.
#.#..##c########
...
#...>...........
###
###..##........#
### ....
########.# ...
#### ##.


You could see a centaur.

Vanquished Creatures
  A worm (D:2)
  3 dart slugs (D:1)
  6 leopard geckos
  An orc (D:3)
  3 giant cockroaches
  4 goblins
  7 hobgoblins
  4 jackals
  7 kobolds
  A quokka (D:3)
  3 bats
  3 frilled lizards
  5 rats
48 creatures vanquished.

Notes
Turn   | Place    | Note
-------+----------+-------------------------------------------
     0 | D:1      | MisterOstroum the Fairy Archaeologist began the quest for
                  | the Orb.
     0 | D:1      | Reached XP level 1. HP: 12/12 MP: 3/3
    94 | D:1      | Reached skill level 1 in Fighting
   347 | D:1      | Reached XP level 2. HP: 18/18 MP: 4/4
   727 | D:1      | Reached XP level 3. HP: 19/24 MP: 5/5
  1852 | D:2      | Found a shimmering altar of Xom.
  1871 | D:2      | Reached skill level 1 in Short Blades
  2225 | D:2      | Found a glowing golden altar of the Shining One.
  2230 | D:2      | Found a basalt altar of Yredelemnul.
  2232 | D:2      | Noticed a profane servitor
  2240 | D:2      | Noticed an angel
  2350 | D:2      | Reached XP level 4. HP: 22/29 MP: 6/6
  2438 | D:2      | Found a radiant altar of Vehumet.
  2439 | D:2      | Found a burning altar of Makhleb.
  2854 | D:3      | Noticed a centaur
  2878 | D:3      | Slain by a centaur

Skill      XL: |  1  2  3  4 |
---------------+-------------+-----
Fighting       | 1 2 |  2.0
Stealth        | 3 |  3.0
Short Blades   | 1 2 |  2.0
Maces & Flails | |  0.7
Dodging        | |  4.1

Action                   |  1- 3 |  4- 6 || total
-------------------------+-------+-------++-------
Melee: Whip              |   154 |       ||   154
       Short sword       |    80 |    43 ||   123
       Dagger            |    34 |       ||    34
 Fire: Hunting sling     |     8 |    12 ||    20
Throw: Stone             |     1 |       ||     1
  Use: Scroll            |     3 |     5 ||     8
       Potion            |       |     1 ||     1
  Eat: Chunk             |     5 |     2 ||     7
Armor: Skin              |    55 |     3 ||    58
Dodge: Dodged            |   230 |    34 ||   264
Block: Other             |    44 |     7 ||    51
